Map: Eternal Empire LE

Players

SpeCial - Winner!

  • Race: Terran Terran
  • Spawn Location: 1:00

Kelazhur

  • Race: Terran Terran
  • League: Master
  • Spawn Location: 7:00

Event: DreamHack SC2 Masters 2020 Summer Latin America

VOD

Have the link to the VOD?

Description

Time

  • Played on: June 27, 2020, 4:20 p.m.
  • Length: 13:07

All games in this series

Show
View Real Time Build Order
Export as new Build Order

SpeCial Terran - Winner!

Build Orders: Gas First Reaper Expand, Mech, Banshee Rush 

Get SALT Encoding   

  12  0:00  SCV  
  13  0:13  SCV  
  14  0:18  Supply Depot  
  14  0:25  SCV  
  14  0:28  Refinery  
  15  0:40  SCV  
  16  0:45  Barracks  
  16  0:52  SCV  
  17  1:04  SCV  
  18  1:16  SCV  
  19  1:32  Orbital Command  
  19  1:33  Reaper  
  20  1:46  Command Center  
  20  1:56  Supply Depot  
  20  2:06  Factory  
  20  2:09  Reaper  
  20  2:12  SCV  
  21  2:24  SCV  
  22  2:36  SCV  
  23  2:41  Marine  
  24  2:48  SCV, Refinery  
  24  2:50  Hellion  
  27  2:51  Starport  
  27  2:58  Orbital Command  
  27  3:00  SCV, Barracks Tech Lab  
  28  3:11  Hellion  
  30  3:14  SCV  
  31  3:29  Barracks Reactor  
  31  3:30  SCV x2  
  33  3:36  Banshee  
  33  3:37  Factory Tech Lab  
  36  3:42  SCV x2  
  36  3:44  Refinery  
  38  3:54  SCV x2  
  40  3:56  Supply Depot  
  40  3:59  Cloaking Field  
  40  4:06  SCV x2, Marine x2  
  40  4:18  SCV x2, Siege Tank  
  40  4:23  Marine  
  40  4:24  Marine  
  46  4:30  SCV x2  
  49  4:32  Banshee  
  49  4:33  Supply Depot  
  52  4:41  Marine x2  
  54  4:55  SCV x2, Command Center  
  54  4:57  Supply Depot  
  56  5:00  Siege Tank  
  56  5:06  Marine x2  
  56  5:07  SCV  
  62  5:10  SCV  
  61  5:19  SCV  
  62  5:22  SCV  
  62  5:23  Marine x2  
  62  5:25  Banshee  
  65  5:29  Hyperflight Rotors, Refinery  
  65  5:31  SCV  
  65  5:34  SCV  
  69  5:35  Hellion  
  69  5:36  Factory  
  69  5:40  Engineering Bay  
  69  5:43  SCV  
  69  5:44  Factory  
  70  6:07  SCV x2, Supply Depot, Barracks Tech Lab, Siege Tank  
  70  6:08  Orbital Command  
  70  6:10  Banshee  
  78  6:19  SCV x2  
  78  6:22  Missile Turret  
  78  6:23  Mag-Field Accelerator  
  78  6:24  Missile Turret  
  80  6:27  Orbital Command  
  80  6:31  SCV, Hellion x2  
  80  6:32  SCV  
  86  6:43  SCV  
  87  6:48  Cyclone x2  
  93  6:58  Barracks Reactor  
  93  7:01  Supply Depot  
  93  7:02  SCV x2, Banshee  
  93  7:03  Hellion  
  93  7:04  Supply Depot  
  93  7:05  SCV  
  93  7:08  Missile Turret  
  101  7:18  SCV x2, Hellion  
  101  7:25  Missile Turret  
  101  7:26  Refinery x2  
  101  7:27  SCV, Hellion  
  101  7:29  Supply Depot  
  104  7:33  SCV x2  
  104  7:36  Armory  
  106  7:39  SCV  
  106  7:40  Hellion  
  106  7:44  Cyclone  
  112  7:45  SCV x2  
  112  7:49  Hellion  
  115  7:51  SCV  
  115  7:54  Sensor Tower  
  115  7:57  SCV, Supply Depot  
  115  7:58  SCV  
  118  8:01  Hellion  
  118  8:03  SCV  
  118  8:04  Siege Tank  
  124  8:09  Viking, SCV  
  124  8:10  Hellion  
  124  8:12  Viking  
  131  8:17  SCV  
  131  8:18  SCV  
  133  8:23  Terran Vehicle Weapons Level 1, Hellion  
  132  8:27  Factory  
  132  8:28  Factory  
  132  8:33  SCV x3  
  135  8:36  Hellion  
  137  8:42  Siege Tank  
  137  8:44  Siege Tank  
  141  8:49  Supply Depot  
  141  8:50  Viking, Hellion  
  141  8:51  Supply Depot  
  141  8:53  Viking  
  141  8:54  Infernal Pre-Igniter  
  141  9:03  SCV x3  
  141  9:08  Hellion  
  146  9:12  Hellion  
  146  9:16  Command Center  
  148  9:22  Siege Tank x3  
  157  9:25  Factory Reactor  
  157  9:29  Armory, Hellion, Supply Depot  
  157  9:30  Supply Depot  
  159  9:33  Viking, Hellion  
  159  9:35  Viking  
  165  9:51  Hellion  
  164  9:53  Thor x2  
  164  9:54  Hellion  
  178  10:03  Hellion  
  180  10:10  Supply Depot x2  
  180  10:13  Supply Depot  
  180  10:14  Viking  
  180  10:16  Hellion  
  180  10:17  Viking  
  170  10:21  Hellion x2  
  170  10:25  Hellion  
  170  10:27  Siege Tank  
  177  10:36  Siege Tank  
  177  10:37  Siege Tank  
  177  10:38  Hellion  
  179  10:44  Viking, Hellion  
  179  10:47  Viking  
  178  10:56  SCV x3  
  179  11:00  Siege Tank  
  179  11:02  Planetary Fortress  
  182  11:13  Hellion x3  
  182  11:14  Viking, Hellion  
  182  11:15  Hellion  
  182  11:16  Command Center, Siege Tank  
  182  11:17  Viking  
  196  11:21  SCV  
  196  11:22  SCV  
  197  11:28  Unknown  
  197  11:31  SCV  
  195  11:41  Hellion x2  
  195  11:51  Sensor Tower  
  197  11:54  Hellion x2  
  197  11:59  Factory  
  197  12:00  Factory  
  197  12:12  Viking  
  197  12:24  Hellion  
  197  12:25  Hellion, Siege Tank  
  197  12:28  Hellion, Siege Tank  
  197  12:29  Hellion  
  197  12:33  Hellion  
  181  12:52  Command Center  
Show
View Real Time Build Order
Export as new Build Order

Kelazhur Terran 

Build Orders:  

Get SALT Encoding   

  12  0:00  SCV  
  13  0:13  SCV  
  14  0:17  Supply Depot  
  14  0:25  SCV  
  15  0:38  SCV  
  15  0:39  Barracks  
  16  0:44  Refinery  
  16  0:50  SCV  
  17  0:59  Barracks  
  17  1:03  SCV  
  18  1:15  SCV  
  19  1:27  Reaper, Orbital Command  
  20  1:35  Supply Depot  
  20  1:48  Reaper  
  20  1:54  SCV  
  22  2:03  Reaper  
  22  2:06  SCV  
  24  2:16  Command Center  
  24  2:19  SCV  
  24  2:20  Marine  
  26  2:35  Marine  
  26  2:36  SCV  
  27  2:40  Refinery  
  27  2:41  Supply Depot  
  27  2:45  Factory  
  27  2:46  Marine  
  28  2:51  SCV  
  29  2:58  Marine  
  29  3:03  SCV  
  29  3:12  Marine  
  29  3:16  SCV  
  29  3:17  Marine  
  32  3:28  SCV  
  32  3:30  Hellion, Orbital Command  
  32  3:33  Starport  
  35  3:42  Barracks Reactor, Refinery  
  35  3:44  SCV  
  36  3:49  Barracks Tech Lab  
  36  3:56  SCV  
  36  3:57  SCV  
  36  4:01  Factory Tech Lab  
  36  4:08  SCV  
  36  4:09  SCV  
  36  4:20  SCV  
  36  4:21  SCV  
  36  4:23  Cyclone, Marine  
  36  4:24  Marine x2  
  42  4:28  Viking  
  42  4:29  Stimpack  
  45  4:33  SCV  
  45  4:34  SCV  
  47  4:42  Supply Depot  
  47  4:46  SCV x2  
  47  4:48  Marine  
  47  4:49  Marine x2  
  52  4:58  SCV  
  52  4:59  Siege Tank  
  54  5:03  SCV  
  54  5:05  Supply Depot, Starport Reactor  
  54  5:06  Marine  
  56  5:10  SCV  
  56  5:11  Engineering Bay  
  54  5:18  SCV  
  53  5:22  SCV  
  53  5:29  Marine x3  
  53  5:32  SCV  
  53  5:34  SCV  
  58  5:43  Medivac x2  
  58  5:45  Missile Turret  
  58  5:48  Missile Turret  
  62  5:53  SCV  
  62  5:54  SCV  
  56  6:05  SCV  
  56  6:06  SCV  
  56  6:08  Marine x2  
  59  6:17  SCV  
  60  6:18  SCV  
  60  6:24  Marine  
  62  6:28  Marine x2  
  62  6:29  Combat Shield  
  62  6:30  SCV  
  62  6:31  SCV  
  65  6:35  Supply Depot  
  65  6:37  Siege Tank  
  68  6:41  Marine  
  68  6:42  SCV  
  70  6:50  Supply Depot  
  70  6:51  SCV  
  70  6:54  SCV  
  69  6:57  Marine x2  
  69  6:59  Marine  
  72  7:03  Command Center  
  72  7:07  Viking  
  74  7:08  SCV  
  74  7:11  Viking  
  77  7:15  SCV  
  77  7:18  Supply Depot  
  77  7:21  Marine x3  
  79  7:23  SCV  
  79  7:28  SCV  
  79  7:29  Refinery  
  81  7:35  SCV  
  82  7:40  SCV  
  82  7:42  Marine x2  
  82  7:43  Viking x2  
  89  7:47  SCV  
  89  7:48  Marine  
  91  7:52  SCV  
  91  7:56  Supply Depot, Barracks  
  91  7:57  Terran Infantry Weapons Level 1  
  92  8:03  SCV  
  92  8:05  Marine  
  94  8:09  Supply Depot  
  94  8:15  SCV, Marauder, Marine  
  98  8:27  SCV x2  
  98  8:29  Marine  
  98  8:33  Siege Tank  
  104  8:35  Missile Turret  
  104  8:39  SCV  
  104  8:40  Marine  
  106  8:41  Viking x2  
  106  8:42  SCV  
  106  8:48  SCV  
  112  8:52  SCV  
  112  8:55  Marine  
  114  8:56  Barracks Tech Lab  
  114  8:58  SCV  
  114  9:05  Marauder, Marine  
  114  9:06  SCV  
  114  9:07  Orbital Command  
  114  9:09  Command Center  
  118  9:10  SCV, Barracks  
  118  9:12  Barracks  
  118  9:14  Viking x2  
  122  9:18  SCV  
  122  9:20  Marine  
  122  9:22  Concussive Shells, SCV  
  125  9:26  Supply Depot  
  125  9:27  Marauder  
  125  9:30  SCV  
  128  9:35  SCV, Marauder  
  128  9:37  Marine  
  132  9:40  SCV, Refinery  
  132  9:41  Refinery  
  133  9:46  Supply Depot  
  133  9:47  Marine  
  133  9:48  SCV, Marauder, Siege Tank  
  133  9:49  Supply Depot  
  133  9:51  Terran Infantry Armor Level 1  
  140  10:00  SCV  
  140  10:05  Barracks Reactor, Barracks Tech Lab  
  140  10:06  Supply Depot  
  141  10:07  Armory  
  141  10:08  SCV x2, Marauder, Marine  
  141  10:12  SCV  
  146  10:17  Medivac x2  
  149  10:26  Marauder, Marine x2  
  149  10:27  Marauder  
  155  10:31  Siege Tank  
  156  10:38  Marauder  
  152  10:47  Viking x2  
  152  10:48  Marauder  
  143  10:52  Marauder, Marine x3  
  146  11:00  Marauder, Fusion Core, Starport, Marine  
  141  11:14  Marauder  
  141  11:16  Marine x2  
  141  11:17  Marauder  
  146  11:27  Marauder, Marine  
  146  11:28  Liberator  
  146  11:29  Liberator  
  155  11:36  Marine  
  155  11:37  Marauder, Marine  
  155  11:38  Marauder  
  155  11:39  Starport Reactor  
  154  11:40  SCV x3  
  154  11:44  Command Center  
  156  12:00  Marauder x3  
  162  12:02  Marine x3  
  165  12:14  Viking  
  165  12:22  Marine x2  
  165  12:23  Viking, Supply Depot  
  165  12:24  Supply Depot  
  165  12:25  Supply Depot  
  155  12:34  Marauder x2, Marine x2  
  155  12:35  Marauder  
  143  12:53  Sensor Tower  
  143  12:56  Missile Turret  
  143  12:57  Missile Turret  
Tags
 
Add a new tag
Caveats
  • Supply blocks, unpowered buildings, or Contaminate may cause inaccurate times.
  • Supply counts are checked every 10 seconds.